 Dungeon Crawl Stone Soup version 0.19-a0-1834-g6b7851e (webtiles) character file.

4246 Amnesiac the Unseen (level 10, -2/76 HPs)
             Began as a Vampire Assassin on Oct 9, 2016.
             Was a High Priest of Dithmenos.
             Slain by a quokka (4 damage)
             ... summoned by Gastronok
             ... on level 8 of the Dungeon.
             The game lasted 00:24:36 (9502 turns).

Amnesiac the Unseen (Vampire Assassin)              Turns: 9502, Time: 00:24:37

Health: -2/76      AC:  4    Str: 10    XL:     10   Next: 9%
Magic:  10/10      EV: 16    Int: 15    God:    Dithmenos [*****.]
Gold:   501        SH:  0    Dex: 18    Spells: 0 memorised, 9 levels left

rFire  + . .     SeeInvis +     o - +1 dagger (venom)
rCold  . . .     Gourm    .     c - +0 robe
rNeg   + . .     Faith    +     (no shield)
rPois  .         Spirit   .     (no helmet)
rElec  .         Dismiss  .     d - +1 cloak
rCorr  +         Reflect  .     (no gloves)
MR     +....     Harm     .     (no boots)
Stlth  +++++++++.               j - amulet of faith
                                E - ring of protection from fire
                                a - ring of resist corrosion

@: slowed, wreathed by umbra, very slow
A: fangs 3, see invisible, unbreathing
a: Bat Form, Shadow Step, Shadow Form, Renounce Religion


You were on level 8 of the Dungeon.
You worshipped Dithmenos.
Dithmenos was extremely pleased with you.
You were not thirsty.

You visited 1 branch of the dungeon, and saw 10 of its levels.
You also visited: Sewer.

You collected 501 gold pieces.

Inventory:

Hand Weapons
 b - a +0 blowgun
 l - a +3 short sword of speed
 o - a +1 dagger of venom (weapon)
Missiles
 e - 27 poisoned needles
 f - 2 curare-tipped needles
Armour
 c - a +0 robe (worn)
 d - a +1 cloak (worn)
Jewellery
 a - a ring of resist corrosion (left hand)
 j - an amulet of faith (around neck)
 y - an uncursed ring of fire
 E - a ring of protection from fire (right hand)
Wands
 n - a wand of digging (5/24)
Scrolls
 h - 2 scrolls of fog
 i - 7 scrolls of identify
 p - 2 scrolls of enchant weapon
 q - 2 scrolls of recharging
 r - a scroll of amnesia
 s - 2 scrolls of blinking
 t - 3 scrolls of teleportation
 v - 4 scrolls of enchant armour
 z - a scroll of remove curse
 C - 2 scrolls of noise
Potions
 g - 18 potions of blood
 k - 3 potions of curing
 m - 3 potions of brilliance
 w - a potion of berserk rage
 A - 2 potions of cancellation
 B - 2 potions of lignification
 F - 2 potions of haste


   Skills:
 - Level 6.0 Fighting
 - Level 8.0 Short Blades
 + Level 2.9 Throwing
 * Level 5.3 Dodging
 - Level 15.0 Stealth


You had 9 spell levels left.
You didn't know any spells.

Dungeon Overview and Level Annotations

Branches:
Dungeon (10/15)            Temple (0/1) D:7
   Lair: D:8-11         Orc: D:9-12

Altars:
Dithmenos
Fedhas
Kikubaaqudgha
Sif Muna
Trog
Xom
The Shining One

Shops:
D:4 :   D:5 }

Annotations:
D:8 Gastronok


Innate Abilities, Weirdness & Mutations

You have razor-sharp teeth.
You have supernaturally acute eyesight. (SInv)
You can survive without breathing.


Message History

The quokka misses you. Gastronok bites you!!
You emit a cloud of dark smoke.
You hit Gastronok but do no damage.
Gastronok looks as sick as possible!
Gastronok is severely wounded.
Your shadow hits Gastronok with a dagger.
The quokka closely misses you.
You hit Gastronok. You bite Gastronok.
Gastronok is severely wounded.
The quokka barely misses you. Gastronok completely misses you.
The quokka bites you. The quokka misses you.
Gastronok waves his eye-stalks in wide circles.
The air twists around and strikes you!
* * * LOW HITPOINT WARNING * * *
You emit a cloud of dark smoke.
The quokka bites you but does no damage.
The quokka completely misses you.
You see here a poisoned needle.
The quokka closely misses you. The quokka bites you.
You die...

#....## #...# ##.#.# #..#..#
#Y#.# #.#.# #..##.# #.#.#
#.#.### ##.##.### #r#.#
#...#.. #......# #w#§#
#####..#.# #Y#..#.#
#§#§###.........
#.##.#.######§§§.##.###...#.
#. #......##r§§§§...# #.#.#.
##.......@§§§§§.#####.....
#..........§§.§..###.....#
#..........(..........##.#
#..........(..........##..
#................####.###)
#................# #[# #.
#................# #)# #.
##..............## #<# #.
##>.......(..[## #[####


You could see a quokka.

Vanquished Creatures
  Grinder (D:3)
  A hippogriff (D:8)
  A shadow (D:8)
  Eustachio (D:5)
  Edmund (D:4)
  3 orc warriors
  Purgy (Sewer)
  3 ice beasts
  A black bear (D:6)
  An ogre (D:8)
  4 phantoms
  5 centaurs
  Blork the orc (D:5)
  3 bullfrogs
  A wyvern skeleton (D:7)
  2 scorpions
  6 wights
  A howler monkey (D:5)
  7 crimson imps
  A bullfrog zombie (D:8)
  A hound (D:8)
  2 orc priests
  A bullfrog skeleton (D:6)
  A centaur skeleton (D:9)
  2 iguanas
  3 orc wizards
  3 worker ants
  A hound zombie (D:7)
  A hound skeleton (D:4)
  A howler monkey zombie (D:8)
  8 adders
  23 gnolls
  A river rat (D:3)
  5 oozes
  3 worms
  2 adder zombies
  3 dart slugs
  2 leopard geckos (D:3)
  40 orcs
  8 ball pythons
  8 giant cockroaches
  8 goblins
  9 hobgoblins
  21 jackals
  8 quokkas
  10 bats
  7 frilled lizards
  A jackal skeleton (D:7)
  9 kobolds
  A quokka skeleton (D:6)
  11 rats
249 creatures vanquished.

Vanquished Creatures (others)
  A plant (D:5)
1 creature vanquished.

Grand Total: 250 creatures vanquished

Notes
Turn   | Place    | Note
-------+----------+-------------------------------------------
     0 | D:1      | Amnesiac the Vampire Assassin began the quest for the Orb.
     0 | D:1      | Reached XP level 1. HP: 16/16 MP: 1/1
     7 | D:1      | Reached skill level 6 in Stealth
   124 | D:2      | Reached XP level 2. HP: 16/22 MP: 2/2
   165 | D:2      | Reached skill level 7 in Stealth
   343 | D:2      | Reached XP level 3. HP: 27/27 MP: 3/3
   452 | D:2      | Reached skill level 8 in Stealth
   506 | D:2      | Reached XP level 4. HP: 30/33 MP: 4/4
   623 | D:3      | Reached skill level 9 in Stealth
   788 | D:4      | Noticed Grinder
   799 | D:3      | Found a shadowy altar of Dithmenos.
   806 | D:3      | Became a worshipper of Dithmenos the Shadowed
   861 | D:3      | Reached XP level 5. HP: 33/38 MP: 5/5
   892 | D:3      | Found a glowing drain.
   949 | Sewer    | Entered a sewer
   988 | Sewer    | Reached * piety under Dithmenos
   988 | Sewer    | Reached skill level 10 in Stealth
  1046 | Sewer    | Noticed Purgy
  1062 | Sewer    | Killed Purgy
  1072 | Sewer    | Reached skill level 11 in Stealth
  1072 | Sewer    | Reached XP level 6. HP: 39/44 MP: 6/6
  1738 | D:1      | Reached ** piety under Dithmenos
  2855 | D:3      | Found a deep blue altar of Sif Muna.
  3294 | D:3      | Killed Grinder
  3294 | D:3      | Reached skill level 12 in Stealth
  3294 | D:3      | Reached XP level 7. HP: 35/49 MP: 7/7
  3318 | D:4      | Reached *** piety under Dithmenos
  3323 | D:4      | Found Tuiqo's Book Emporium.
  3348 | D:4      | Reached skill level 13 in Stealth
  3705 | D:4      | Noticed Edmund
  3722 | D:4      | Killed Edmund
  3722 | D:4      | Reached skill level 14 in Stealth
  3927 | D:5      | Entered Level 5 of the Dungeon
  4166 | D:5      | Found Worypny's Gadget Boutique.
  4197 | D:5      | Found a glowing golden altar of the Shining One.
  4231 | D:5      | Noticed Blork the orc
  4235 | D:5      | Killed Blork the orc
  4235 | D:5      | Reached XP level 8. HP: 55/55 MP: 3/8
  4327 | D:5      | Noticed Eustachio
  4332 | D:5      | Killed Eustachio
  4332 | D:5      | Reached skill level 5 in Short Blades
  4612 | D:5      | Found a blossoming altar of Fedhas.
  4710 | D:5      | Found a shimmering altar of Xom.
  4744 | D:5      | Found an ancient bone altar of Kikubaaqudgha.
  4925 | D:6      | Reached skill level 15 in Stealth
  5324 | D:6      | Reached **** piety under Dithmenos
  5425 | D:6      | Reached XP level 9. HP: 5/61 MP: 9/9
  5835 | D:6      | Found a bloodstained altar of Trog.
  6946 | D:7      | Found a staircase to the Ecumenical Temple.
  6988 | D:7      | Reached skill level 5 in Fighting
  7351 | D:8      | Reached ***** piety under Dithmenos
  7541 | D:8      | Noticed Gastronok
  7709 | D:10     | Entered Level 10 of the Dungeon
  7997 | D:9      | Noticed a troll
  8395 | D:8      | Reached skill level 5 in Dodging
  8490 | D:8      | Reached XP level 10. HP: 23/76 MP: 10/10
  9499 | D:8      | HP: 1/76 [Gastronok/the air (33)]
  9502 | D:8      | Slain by a quokka

Vault maps used:
D:1:      matt_arrival_grand_opening, minmay_misc_feat_iff
D:2:      wad_woods_settlement
D:3:      nicolae_overflow_crystal_walls, first_bread, portal_sewer_entry_b,
          led_sif_pool
D:4:      kb_forest_paths, serial_shops, nicolae_shop_trees, minmay_surrounded,
          uniq_edmund, uniq_grinder
D:5:      nicolae_overflow_quartered_altars, serial_shops, shop_fountains,
          serial_bayou_lagoon_a, mrwooster_statue_mirror, uniq_eustachio,
          uniq_blork_the_orc
D:6:      basic_altar
D:8:      uniq_gastronok
D:9:      hiddenorc1_lemuel, hangedman_pestilent_swarm
D:10:     lair_0_dummy, uniq_psyche
Sewer:    sewer_co_purgy_island

Skill      XL: |  1  2  3  4  5  6  7  8  9 10 |
---------------+-------------------------------+-----
Stealth        | 6 7 8 9 11 12 14 15 | 15.0
Short Blades   | 3 7 8 |  8.0
Fighting       | 6 |  6.0
Dodging        | 5 |  5.3
Throwing       | 2 |  2.9

Action                   |  1- 3 |  4- 6 |  7- 9 | 10-12 || total
-------------------------+-------+-------+-------+-------++-------
Melee: Dagger            |   109 |    13 |   265 |    31 ||   418
       Bite              |    11 |    11 |    66 |    10 ||    98
       Short sword       |       |   197 |   308 |    15 ||   520
 Fire: Blowgun           |       |       |    27 |    20 ||    47
Invok: Shadow Step       |       |       |     2 |       ||     2
 Abil: End Transformatio |       |     2 |     3 |       ||     5
       Bat Form          |       |     2 |     3 |       ||     5
  Use: Potion            |     4 |    10 |    11 |     4 ||    29
       Scroll            |     1 |     9 |     9 |     1 ||    20
 Stab: Sleeping          |    10 |    23 |    46 |       ||    79
       Distracted        |       |     1 |     2 |     1 ||     4
  Eat: Corpse            |     2 |       |     1 |       ||     3
Armor: Robe              |    21 |    34 |    59 |     4 ||   118
Dodge: Dodged            |    50 |   106 |   283 |    61 ||   500
